 Dungeon Crawl Stone Soup version 0.31-a0-263-ge8cad7f256 (webtiles) character file.

Game seed: 7175333520493840125

21441 qw the Marksminotaur (level 12, -2/112 HPs)
             Began as a Minotaur Hexslinger on July 13, 2023.
             Was an Elder of Okawaru.
             Slain by a skyshark (19 damage)
             ... on level 3 of the Lair of Beasts.
             The game lasted 00:05:34 (12307 turns).

qw the Marksminotaur (Minotaur Hexslinger)         Turns: 12307, Time: 00:05:34

Health: -2/112     AC: 15    Str: 14    XL:     12   Next: 54%
Magic:  13/15      EV: 20    Int: 10    God:    Okawaru [****..]
Gold:   528        SH:  5    Dex: 17    Spells: 12/13 levels left

rFire   + + .        v - +0 arbalest
rCold   + + .        (shield currently unavailable)
rNeg    + + .        t - +1 steam dragon scales
rPois   +            j - -2 hat of the Alchemist {rElec rPois rF+ rC+ rN+ Will+ rMut rCorr}
rElec   +            c - +1 cloak
rCorr   +            u - +1 pair of gloves
SInv    .            (no boots)
Will    ++...        g - amulet of reflection
Stlth   +++          q - ring "Foozewis" {rF+ rC+ rN+ Will+ Slay+5}
HPRegen 0.38/turn    i - +4 ring of protection
MPRegen 0.14/turn

%: reflection, resist mutation
@: about to teleport, heroic
A: horns 2, retaliatory headbutt
a: Renounce Religion, Heroism, Finesse


You were on level 3 of the Lair of Beasts.
You worshipped Okawaru.
Okawaru was greatly pleased with you.
You visited 3 branches of the dungeon, and saw 14 of its levels.
You also visited: Sewer.

You collected 891 gold pieces.
You spent 363 gold pieces at shops.


Innate Abilities, Weirdness & Mutations

You have a pair of horns on your head.
You reflexively headbutt those who attack you in melee.


   Skills:
 - Level 12.0(17.0) Fighting
 + Level 16.2(21.2) Ranged Weapons
 - Level 5.5(10.5) Armour
 - Level 9.0(14.0) Dodging
 - Level 1.0 Spellcasting
 - Level 2.0 Hexes
 + Level 6.3 Invocations


You had 12 spell levels left.
You knew the following spells:

 Your Spells              Type           Power      Damage    Failure   Level
a - Slow                  Hex            16%        N/A       16%         1

Your spell library contained the following spells:

 Spells                   Type           Power      Damage    Failure   Level
 Inner Flame              Hex/Fire       2%         N/A       56%         3
 Portal Projectile        Hex/Tloc       4%         N/A       56%         3
 Cause Fear               Hex            2%         N/A       83%         4

Inventory:

Hand Weapons
 v - a +0 arbalest (weapon)
Armour
 c - a +1 cloak (worn)
 j - the -2 hat of the Alchemist (worn) {rElec rPois rF+ rC+ rN+ Will+ rMut rCorr}
   (You acquired it in a sewer)

   rF:        It protects you from fire.
   rC:        It protects you from cold.
   rElec:     It insulates you from electricity.
   rPois:     It protects you from poison.
   rN:        It protects you from negative energy.
   rCorr:     It protects you from acid and corrosion.
   rMut:      It protects you from mutation.
   Will:      It increases your willpower.
 t - +1 steam dragon scales (worn)
 u - a +1 pair of gloves (worn)
Jewellery
 d - a ring of poison resistance
 g - an amulet of reflection (around neck)
 i - a +4 ring of protection (right hand)
 q - the ring "Foozewis" (left hand) {rF+ rC+ rN+ Will+ Slay+5}
   (You found it on level 4 of the Dungeon)

   [ring of positive energy]

   Slay:      It affects your accuracy & damage with ranged weapons and melee
   (+5).
   rF:        It protects you from fire.
   rC:        It protects you from cold.
   rN:        It protects you from negative energy.
   Will:      It increases your willpower.
Wands
 l - a wand of digging (4)
Scrolls
 b - 3 scrolls of identify
 n - 2 scrolls of teleportation
Potions
 a - 5 potions of might
 e - a potion of enlightenment
 f - 2 potions of haste
 h - 3 potions of heal wounds
 k - a potion of resistance
 m - 2 potions of curing
 p - a potion of cancellation
 s - 2 potions of mutation

Dungeon Overview and Level Annotations

Branches:
Dungeon (10/15)            Temple (1/1) D:6            Lair (3/5) D:10
 Shoals (0/4) Lair:3       Spider (0/4) Lair:2        Sewer (visited)
    Orc: D:9-12

Altars:
Ashenzari
Cheibriados
Dithmenos
Elyvilon
Fedhas
Gozag
Hepliaklqana
Kikubaaqudgha
Makhleb
Nemelex Xobeh
Okawaru
Qazlal
Ru
Sif Muna
Trog
Uskayaw
Vehumet
Wu Jian
Xom
Yredelemnul
Zin
The Shining One

Shops:
D:6 !

Annotations:
D:6 2 runed translucent doors, qw's ghost, novice GrFi


Message History

You enter the shallow water.
Moving in this stuff is going to be slow.
A skyshark comes into view.
You shoot a bolt. The bolt hits the skyshark!
The skyshark is lightly wounded.
You shoot a bolt.
The bolt completely misses the skyshark.
The skyshark hisses menacingly.
You shoot a bolt. The bolt hits the skyshark!!!
The skyshark is heavily wounded.
You hear a bellow!
The skyshark bites you but does no damage.
The skyshark completely misses you.
The skyshark tail-slaps you but does no damage.
You shoot a bolt. The bolt barely misses the skyshark.
The skyshark bites you!
The skyshark tastes blood and grows stronger!
The skyshark tail-slaps you. The skyshark barely misses you.
The skyshark bites you!
The skyshark enters a blood-rage!
The skyshark tail-slaps you but does no damage.
You block the skyshark's attack.
12304 ||| INVOKING Heroism.
You gain the combat prowess of a mighty hero.
The skyshark bites you!! The skyshark misses you.
You block the skyshark's attack.
You shoot a bolt. The bolt hits the skyshark!
The skyshark is heavily wounded.
The skyshark bites you!!
The skyshark tail-slaps you but does no damage.
The skyshark barely misses you. The skyshark completely misses you.
You furiously retaliate!
You headbutt the skyshark. You block the skyshark's attack. x2
You shoot a bolt. The bolt barely misses the skyshark.
The skyshark bites you!! The skyshark barely misses you.
You block the skyshark's attack.
12307 ||| READING 3 scrolls of teleportation.
As you read the scroll of teleportation, it crumbles to dust.
You feel strangely unstable. The skyshark bites you!!
You die...

#.###..~~.>.#~....##P###
....... ~..~~..........)
......~ ##~###..........
......~##~..#~~.....<...
.......~~...~..###.#####
........######.# ###
........# # ###
........#.#####
.......@l......
...............
...............
##.###P##..#... ## ##
P## .. ## .


You could see a skyshark (berserk).

Vanquished Creatures
  Erolcha (D:9)
  4 two-headed ogres
  A boulder beetle (Lair:2)
  Sonja (Lair:1)
  Amaemon (Lair:1)
  Pikel (D:6)
  Joseph (D:7)
  An orange demon (Lair:1)
  A black mamba (Lair:1)
  3 cane toads
  2 rime drakes (Lair:2)
  4 komodo dragons
  2 trolls
  6 dream sheep (Lair:2)
  9 blink frogs
  Prince Ribbit (D:8)
  Sigmund (D:2)
  3 wyverns
  17 yaks
  Eustachio (D:5)
  2 basilisks (D:10)
  4 steam dragons
  Edmund (D:4)
  7 water moccasins
  2 ice beasts
  3 black bears
  9 wolves (Lair:1)
  3 centaurs
  A lemure (D:6)
  9 bullfrogs
  A gnoll sergeant (D:8)
  3 scorpions
  12 wights
  19 killer bees
  2 howler monkeys (D:5)
  3 electric eels (D:7)
  A crimson imp (D:6)
  2 jellies
  3 orc priests
  4 hounds
  A gnoll bouda (D:7)
  3 iguanas
  Jessica (D:3)
  2 sleepcaps
  Ijyb (D:1)
  7 orc wizards
  15 gnolls
  7 adders
  5 river rats
  3 shadow imps
  An ufetubus (D:7)
  A worm (D:2)
  2 dart slugs (D:4)
  30 orcs
  16 ball pythons
  A bat (D:1)
  6 endoplasms
  5 giant cockroaches (D:3)
  5 goblins
  9 hobgoblins
  11 jackals
  3 quokkas
  2 frilled lizards
  22 kobolds
  16 rats
327 creatures vanquished.

Notes
Turn   | Place    | Note
-------+----------+-------------------------------------------
     0 | D:1      | qw the Minotaur Hexslinger began the quest for the Orb.
     0 | D:1      | Reached XP level 1. HP: 16/16 MP: 1/1
     0 | D:1      | 0 ||| qw: Version: 0.3-a-52-g30416fa
     0 | D:1      | 0 ||| qw: Game counter: 7079
     0 | D:1      | 0 ||| qw: Melee chars always use a shield: true
     0 | D:1      | 0 ||| qw: God list: Okawaru
     0 | D:1      | 0 ||| qw: Allow faded altars: false
     0 | D:1      | 0 ||| qw: Do Orc after clearing Dungeon:15 true
     0 | D:1      | 0 ||| qw: Do second Lair branch before Depths: true
     0 | D:1      | 0 ||| qw: Lair rune preference: random
     0 | D:1      | 0 ||| qw: Goals: Normal
     0 | D:1      | 0 ||| PLANNING D:1-11
   154 | D:1      | Reached skill level 3 in Ranged Weapons
   154 | D:1      | Reached XP level 2. HP: 23/23 MP: 2/2
   720 | D:1      | 720 ||| UPGRADING to +0 leather armour.
   730 | D:1      | 730 ||| DROPPING +0 robe.
   731 | D:1      | 731 ||| UPGRADING to amulet of reflection.
   736 | D:1      | 736 ||| UPGRADING to ring of poison resistance.
   737 | D:1      | 737 ||| READING scroll labelled NIULESS RACO.
   738 | D:1      | 738 ||| READING scroll labelled XUEMURESOJ.
   739 | D:1      | 739 ||| READING scroll labelled KUIKHU VAEBOETISS.
   743 | D:1      | 743 ||| DRINKING 2 inky potions.
   744 | D:1      | 744 ||| DROPPING scroll of poison.
   807 | D:2      | Found a faded altar of an unknown god.
   830 | D:2      | Reached XP level 3. HP: 14/29 MP: 3/3
   947 | D:2      | Reached skill level 4 in Ranged Weapons
  1240 | D:2      | Noticed Sigmund
  1251 | D:2      | Killed Sigmund
  1252 | D:2      | Reached skill level 6 in Ranged Weapons
  1252 | D:2      | Reached XP level 4. HP: 20/36 MP: 4/4
  1252 | D:2      | Reached XP level 5. HP: 23/41 MP: 5/5
  1649 | D:2      | 1649 ||| UPGRADING to +0 cloak.
  1654 | D:2      | 1654 ||| READING scroll labelled UCHAPI TOFA.
  1655 | D:2      | 1655 ||| READING scroll labelled SOCRYW ERIM.
  1790 | D:3      | 1790 ||| PLANNING SEWER
  1806 | D:3      | Noticed Jessica
  1809 | D:3      | Killed Jessica
  1848 | D:3      | Noticed an ice beast
  1852 | D:3      | HP: 4/44 [ice beast (13)]
  1853 | D:3      | 1853 ||| DRINKING 2 potions of heal wounds.
  1858 | D:3      | HP: 7/44 [ice beast (14)]
  1859 | D:3      | 1859 ||| DRINKING potion of heal wounds.
  1862 | D:3      | Killed an ice beast
  1863 | D:3      | Reached XP level 6. HP: 43/52 MP: 6/6
  1913 | D:3      | 1913 ||| READING scroll of enchant armour.
  1913 | D:3      | 1913 ||| ENCHANTING +0 cloak.
  1920 | D:3      | Identified the +10 hand axe of Heipn {heavy, rC+ Str+3
                  | Int+3}
  2007 | D:3      | Reached skill level 1 in Armour
  2195 | D:3      | Found a glowing drain.
  2196 | D:3      | 2196 ||| READING 3 scrolls labelled OSODDU YFFELU.
  2197 | D:3      | 2197 ||| READING scroll labelled PAOLUNEKHUE.
  2198 | D:3      | 2198 ||| DRINKING 2 metallic sapphire potions.
  2200 | D:3      | 2200 ||| READING 2 scrolls of identify.
  2200 | D:3      | 2200 ||| IDENTIFYING smoky coppery potion
  2211 | Sewer    | Entered a sewer
  2294 | Sewer    | 2294 ||| Stepping ~*~*~tactically~*~*~ (water).
  2503 | Sewer    | Reached skill level 7 in Ranged Weapons
  2691 | Sewer    | 2691 ||| READING scroll labelled JUF REOCUNLER.
  2691 | Sewer    | Identified a scroll of acquirement
  2691 | Sewer    | 2691 ||| ACQUIRING -2 hat of the Alchemist {rElec rPois rF+
                  | rC+ rN+ Will+ rMut rCorr}
  2691 | Sewer    | Acquired the -2 hat of the Alchemist {rElec rPois rF+ rC+
                  | rN+ Will+ rMut rCorr}
  2691 | Sewer    | Found the -2 hat of the Alchemist {rElec rPois rF+ rC+ rN+
                  | Will+ rMut rCorr}
  2693 | Sewer    | 2693 ||| UPGRADING to -2 hat of the Alchemist {rElec rPois
                  | rF+ rC+ rN+ Will+ rMut rCorr}.
  2698 | Sewer    | 2698 ||| REMOVING ring of poison resistance.
  2699 | Sewer    | 2699 ||| READING scroll labelled KETOZA SUS.
  2700 | Sewer    | 2700 ||| DRINKING 2 green potions.
  2701 | Sewer    | 2701 ||| READING 2 scrolls of identify.
  2701 | Sewer    | 2701 ||| IDENTIFYING white potion
  2736 | D:3      | 2736 ||| PLANNING D:1-11
  2758 | D:4      | Noticed Ijyb
  2766 | D:4      | 2766 ||| STAIRDANCE
  2775 | D:3      | 2775 ||| FLEEEEING.
  2776 | D:3      | 2776 ||| FLEEEEING.
  2777 | D:3      | 2777 ||| FLEEEEING.
  2778 | D:3      | 2778 ||| FLEEEEING.
  2779 | D:3      | 2779 ||| FLEEEEING.
  2780 | D:3      | 2780 ||| FLEEEEING.
  2781 | D:3      | 2781 ||| FLEEEEING.
  2782 | D:3      | 2782 ||| STAIRDANCE
  2784 | D:2      | 2784 ||| FLEEEEING.
  2785 | D:2      | 2785 ||| FLEEEEING.
  2786 | D:2      | 2786 ||| FLEEEEING.
  2787 | D:2      | 2787 ||| FLEEEEING.
  2788 | D:2      | 2788 ||| FLEEEEING.
  2789 | D:2      | 2789 ||| FLEEEEING.
  2790 | D:2      | 2790 ||| FLEEEEING.
  2791 | D:2      | 2791 ||| FLEEEEING.
  2792 | D:2      | 2792 ||| FLEEEEING.
  2793 | D:2      | 2793 ||| FLEEEEING.
  2794 | D:2      | 2794 ||| FLEEEEING.
  2795 | D:2      | 2795 ||| FLEEEEING.
  2796 | D:2      | 2796 ||| FLEEEEING.
  2797 | D:2      | 2797 ||| FLEEEEING.
  2798 | D:2      | 2798 ||| STAIRDANCE
  2816 | D:1      | 2816 ||| FLEEEEING.
  2817 | D:1      | 2817 ||| FLEEEEING.
  2819 | D:1      | 2819 ||| FLEEEEING.
  2820 | D:1      | 2820 ||| FLEEEEING.
  2821 | D:1      | 2821 ||| FLEEEEING.
  2822 | D:1      | 2822 ||| FLEEEEING.
  2823 | D:1      | 2823 ||| FLEEEEING.
  2824 | D:1      | 2824 ||| FLEEEEING.
  2825 | D:1      | 2825 ||| FLEEEEING.
  2826 | D:1      | 2826 ||| FLEEEEING.
  2827 | D:1      | 2827 ||| FLEEEEING.
  2828 | D:1      | 2828 ||| FLEEEEING.
  2829 | D:1      | 2829 ||| FLEEEEING.
  2830 | D:1      | 2830 ||| FLEEEEING.
  2831 | D:1      | 2831 ||| FLEEEEING.
  2859 | D:1      | Killed Ijyb
  3102 | D:4      | Reached XP level 7. HP: 51/59 MP: 7/7
  3323 | D:4      | Identified the ring "Foozewis" {rF+ rC+ rN+ Will+ Slay+5}
  3351 | D:4      | Found a white marble altar of Elyvilon.
  3456 | D:4      | 3456 ||| READING scroll of enchant weapon.
  3456 | D:4      | 3456 ||| ENCHANTING +2 sling.
  3560 | D:4      | 3560 ||| UPGRADING to +0 pair of gloves.
  3565 | D:4      | 3565 ||| UPGRADING to ring "Foozewis" {rF+ rC+ rN+ Will+
                  | Slay+5}.
  3566 | D:4      | 3566 ||| READING scroll labelled HOETHYICUE.
  3567 | D:4      | 3567 ||| DRINKING 2 metallic purple potions.
  3568 | D:4      | 3568 ||| READING 3 scrolls of identify.
  3568 | D:4      | 3568 ||| IDENTIFYING black potion
  3569 | D:4      | 3569 ||| READING 2 scrolls of identify.
  3569 | D:4      | 3569 ||| IDENTIFYING lumpy clear potion
  3570 | D:4      | 3570 ||| DROPPING potion of brilliance.
  3571 | D:4      | 3571 ||| DROPPING potion of berserk rage.
  3602 | D:5      | Entered Level 5 of the Dungeon
  3620 | D:5      | Reached skill level 8 in Ranged Weapons
  3657 | D:5      | 3657 ||| FLEEEEING.
  3658 | D:5      | 3658 ||| STAIRDANCE
  3790 | D:5      | 3790 ||| SWAPPING to +0 orcbow.
  3793 | D:5      | 3793 ||| DROPPING +3 sling.
  3800 | D:5      | Reached skill level 3 in Dodging
  3803 | D:5      | Noticed Eustachio
  3819 | D:5      | Noticed Edmund
  3820 | D:5      | 3820 ||| FLEEEEING.
  3821 | D:5      | 3821 ||| FLEEEEING.
  3822 | D:5      | 3822 ||| FLEEEEING.
  3823 | D:5      | 3823 ||| FLEEEEING.
  3846 | D:5      | Killed Eustachio
  3847 | D:5      | 3847 ||| STAIRDANCE
  3852 | D:4      | Killed Edmund
  3853 | D:4      | Reached skill level 9 in Ranged Weapons
  3853 | D:4      | Reached XP level 8. HP: 52/68 MP: 8/8
  3904 | D:4      | 3904 ||| UPGRADING to +0 ring mail.
  3914 | D:4      | 3914 ||| DROPPING +0 leather armour.
  4177 | D:5      | Reached skill level 6 in Fighting
  4515 | D:6      | Found a staircase to the Ecumenical Temple.
  4516 | D:6      | 4516 ||| PLANNING TEMPLE
  4516 | D:6      | 4516 ||| READING scroll labelled ICALAE OBUW.
  4544 | Temple   | Entered the Ecumenical Temple
  4779 | Temple   | 4779 ||| PLANNING D:1-11
  5160 | D:6      | Reached skill level 10 in Ranged Weapons
  5197 | D:6      | Found Veysoas's Distillery.
  5205 | D:6      | 5205 ||| BUYING potion of cancellation (88 gold).
  5205 | D:6      | Bought a potion of cancellation for 88 gold pieces
  5205 | D:6      | 5205 ||| BUYING potion of curing (33 gold).
  5205 | D:6      | Bought a potion of curing for 33 gold pieces
  5205 | D:6      | 5205 ||| BUYING potion of haste (110 gold).
  5205 | D:6      | Bought a potion of haste for 110 gold pieces
  5205 | D:6      | 5205 ||| BUYING potion of might (44 gold).
  5205 | D:6      | Bought a potion of might for 44 gold pieces
  5205 | D:6      | 5205 ||| BUYING potion of might (44 gold).
  5205 | D:6      | Bought a potion of might for 44 gold pieces
  5205 | D:6      | 5205 ||| BUYING potion of might (44 gold).
  5205 | D:6      | Bought a potion of might for 44 gold pieces
  5218 | D:6      | Reached skill level 3 in Armour
  5253 | D:6      | Found a large runed translucent door.
  5254 | D:6      | Found a large runed translucent door.
  5256 | D:6      | Noticed qw's ghost (novice GrFi)
  5621 | D:6      | Found a burning altar of Makhleb.
  5625 | D:6      | Reached XP level 9. HP: 79/79 MP: 9/9
  5659 | D:6      | Found a radiant altar of Vehumet.
  5729 | D:6      | 5729 ||| UPGRADING to +0 steam dragon scales.
  5739 | D:6      | 5739 ||| DROPPING +0 ring mail.
  5740 | D:6      | 5740 ||| DRINKING 3 grey potions.
  5741 | D:6      | 5741 ||| DROPPING 2 potions of degeneration.
  5762 | D:7      | Noticed Pikel
  5766 | D:7      | 5766 ||| STAIRDANCE
  5836 | D:7      | 5836 ||| STAIRDANCE
  5842 | D:6      | Killed Pikel
  6012 | D:7      | 6012 ||| Stepping ~*~*~tactically~*~*~ (outnumbered).
  6025 | D:7      | HP: 19/79 [something (1)]
  6026 | D:7      | 6026 ||| READING scroll of teleportation.
  6027 | D:7      | 6027 ||| DRINKING 4 potions of heal wounds.
  6239 | D:7      | Noticed Joseph
  6244 | D:7      | 6244 ||| Stepping ~*~*~tactically~*~*~ (outnumbered).
  6247 | D:7      | Reached skill level 11 in Ranged Weapons
  6251 | D:7      | Killed Joseph
  6365 | D:7      | 6365 ||| Stepping ~*~*~tactically~*~*~ (outnumbered).
  6410 | D:7      | Reached skill level 12 in Ranged Weapons
  6432 | D:7      | 6432 ||| Stepping ~*~*~tactically~*~*~ (water).
  6594 | D:7      | Reached skill level 6 in Dodging
  7019 | D:7      | Found a shimmering blue altar of Sif Muna.
  7026 | D:7      | 7026 ||| UPGRADING to +4 ring of protection.
  7027 | D:7      | 7027 ||| READING scroll labelled TEQEOC LAFE.
  7028 | D:7      | 7028 ||| DRINKING 2 fuming brown potions.
  7029 | D:7      | 7029 ||| READING 2 scrolls of identify.
  7029 | D:7      | 7029 ||| IDENTIFYING puce potion
  7030 | D:7      | 7030 ||| DROPPING potion of lignification.
  7031 | D:7      | 7031 ||| DROPPING potion of magic.
  7087 | D:8      | Reached XP level 10. HP: 88/88 MP: 10/10
  7231 | D:8      | Noticed a two-headed ogre
  7244 | D:8      | Killed a two-headed ogre
  7245 | D:8      | Reached skill level 13 in Ranged Weapons
  7474 | D:8      | Found a glowing silver altar of Zin.
  7478 | D:8      | Found an iron altar of Okawaru.
  7518 | D:8      | 7518 ||| Stepping ~*~*~tactically~*~*~ (outnumbered).
  7554 | D:8      | Noticed Prince Ribbit
  7559 | D:8      | Killed Prince Ribbit
  7560 | D:8      | Reached skill level 9 in Fighting
  8249 | D:8      | 8249 ||| DROPPING amulet of guardian spirit.
  8250 | D:8      | 8250 ||| DRINKING 2 fizzy blue potions.
  8251 | D:8      | 8251 ||| DRINKING 2 potions of curing.
  8251 | D:8      | 8251 ||| (to cure confusion)
  8252 | D:8      | 8252 ||| DROPPING potion of ambrosia.
  8332 | D:9      | Noticed Erolcha
  8345 | D:9      | Killed Erolcha
  8346 | D:9      | Reached skill level 14 in Ranged Weapons
  8567 | D:9      | 8567 ||| READING scroll labelled OVAFO KOTRANUR.
  8577 | D:8      | 8577 ||| PLANNING OKAWARU WORSHIP
  8584 | D:8      | Became a worshipper of Warmaster Okawaru
  8585 | D:8      | 8585 ||| PLANNING D:1-11
  8672 | D:9      | Found a bloodstained altar of Trog.
  8774 | D:9      | Found a sparkling altar of Nemelex Xobeh.
  8808 | D:9      | Noticed a two-headed ogre
  8818 | D:9      | Killed a two-headed ogre
  8818 | D:9      | Reached * piety under Okawaru
  8819 | D:9      | Reached XP level 11. HP: 99/99 MP: 11/11
  8900 | D:9      | Noticed a two-headed ogre
  8901 | D:9      | 8901 ||| INVOKING Heroism.
  8912 | D:9      | Killed a two-headed ogre
  8913 | D:9      | Reached skill level 1 in Invocations
  8996 | D:9      | 8996 ||| READING scroll of enchant armour.
  8996 | D:9      | 8996 ||| ENCHANTING +0 steam dragon scales.
  9133 | D:9      | 9133 ||| READING 4 scrolls of identify.
  9133 | D:9      | 9133 ||| IDENTIFYING fizzy inky potion
  9162 | D:10     | Entered Level 10 of the Dungeon
  9228 | D:10     | Noticed a two-headed ogre
  9230 | D:10     | 9230 ||| INVOKING Heroism.
  9237 | D:10     | Killed a two-headed ogre
  9274 | D:10     | 9274 ||| INVOKING Heroism.
  9347 | D:10     | Found a stormy altar of Qazlal.
  9401 | D:10     | Reached skill level 3 in Invocations
  9522 | D:10     | Reached ** piety under Okawaru
  9705 | D:10     | Found a staircase to the Lair.
  9721 | D:10     | 9721 ||| INVOKING Heroism.
  9728 | D:10     | Reached skill level 15 in Ranged Weapons
  9757 | D:10     | 9757 ||| INVOKING Heroism.
 10113 | D:10     | 10113 ||| PLANNING LAIR
 10113 | D:10     | 10113 ||| READING scroll labelled GISYOL QAIRE.
 10142 | Lair:1   | Entered Level 1 of the Lair of Beasts
 10157 | Lair:1   | Noticed Amaemon
 10158 | Lair:1   | 10158 ||| Stepping ~*~*~tactically~*~*~ (outnumbered).
 10159 | Lair:1   | 10159 ||| Stepping ~*~*~tactically~*~*~ (outnumbered).
 10163 | Lair:1   | 10163 ||| INVOKING Heroism.
 10170 | Lair:1   | Killed Amaemon
 10170 | Lair:1   | Reached *** piety under Okawaru
 10180 | Lair:1   | Reached skill level 16 in Ranged Weapons
 10574 | Lair:1   | 10574 ||| INVOKING Heroism.
 10739 | Lair:1   | Noticed Sonja
 10744 | Lair:1   | Killed Sonja
 10744 | Lair:1   | Reached **** piety under Okawaru
 10745 | Lair:1   | Reached XP level 12. HP: 101/108 MP: 14/14
 11021 | Lair:1   | 11021 ||| INVOKING Heroism.
 11121 | Lair:2   | 11121 ||| INVOKING Heroism.
 11130 | Lair:2   | 11130 ||| STAIRDANCE
 11132 | Lair:1   | HP: 27/110 [cane toad (8)]
 11133 | Lair:1   | 11133 ||| READING 4 scrolls of teleportation.
 11134 | Lair:1   | 11134 ||| DRINKING 5 potions of heal wounds.
 11137 | Lair:1   | 11137 ||| DRINKING 4 potions of heal wounds.
 11152 | Lair:1   | 11152 ||| INVOKING Heroism.
 11367 | Lair:2   | 11367 ||| INVOKING Heroism.
 11379 | Lair:2   | Reached skill level 12 in Fighting
 11394 | Lair:2   | Found a hole to the Spider Nest.
 11494 | Lair:2   | 11494 ||| INVOKING Heroism.
 11530 | Lair:2   | Reached skill level 9 in Dodging
 11639 | Lair:2   | 11639 ||| INVOKING Heroism.
 11663 | Lair:2   | 11663 ||| INVOKING Heroism.
 11666 | Lair:2   | Reached skill level 6 in Invocations
 11765 | Lair:2   | 11765 ||| SWAPPING to +0 arbalest.
 11766 | Lair:2   | 11766 ||| DROPPING +0 orcbow.
 11778 | Lair:2   | Noticed a boulder beetle
 11779 | Lair:2   | 11779 ||| INVOKING Heroism.
 11782 | Lair:2   | Killed a boulder beetle
 12265 | Lair:2   | 12265 ||| UPGRADING to +1 pair of gloves.
 12275 | Lair:2   | 12275 ||| DROPPING +0 pair of gloves.
 12276 | Lair:2   | 12276 ||| READING 4 scrolls of identify.
 12276 | Lair:2   | 12276 ||| IDENTIFYING cyan potion
 12277 | Lair:2   | 12277 ||| DROPPING potion of attraction.
 12284 | Lair:3   | Found a staircase to the Shoals.
 12304 | Lair:3   | 12304 ||| INVOKING Heroism.
 12306 | Lair:3   | HP: 17/112 [skyshark (21)]
 12307 | Lair:3   | 12307 ||| READING 3 scrolls of teleportation.
 12307 | Lair:3   | Slain by a skyshark

Levels and vault maps discovered:
D:1:      ebering_trefoil_twist, layout_basic, chequers_serial_rivers_room_b
D:2:      layout_basic, shapermc_ecumenical_altar_starsandcircs, uniq_sigmund
D:3:      layout_rooms, portal_sewer_entry_a, uniq_jessica
D:4:      minmay_spotlight, layout_cave_pools, mainiacjoe_overflow_alcove_2,
          uniq_ijyb
D:5:      layout_basic, uniq_crazy_yiuf_cottage, uniq_edmund, uniq_eustachio
D:6:      layout_loops_ring, makhleb_grotto_becter,
          mainiacjoe_overflow_alcove_1, minmay_temple_entry_trees,
          ebering_ghost_disaster_area, serial_shops,
          nicolae_shop_industrial_runoff, kennysheep_nondescript,
          kennysheep_generic_room_9
D:7:      layout_basic, nicolae_sif_muna_little_library, hangedman_decor_points,
          minmay_misc_feat_cross, serial_bayou_lagoon_b, uniq_pikel, uniq_joseph
D:8:      layout_layer_cave, nicolae_overflow_hidden_temple, uniq_prince_ribbit1
D:9:      layout_loops_cross, mainiacjoe_overflow_brackets,
          mainiacjoe_overflow_small_starburst, uniq_erolcha
D:10:     layout_stronghold, nicolae_qazlal_general_emergency,
          minmay_lair_entry_grove, dreamdust_wishing_well
Temple:   oiseaux_autumnal_temple
Lair:1:   layout_regular_city, infiniplex_staircase_pool, lemuel_fruit_tree,
          uniq_sonja, uniq_amaemon
Lair:2:   layout_regular_city, hellmonk_spider_entry_not_the_bees
Lair:3:   layout_long_grid, elwin_shoals_entry_rocks, kennysheep_basilisk_garden

Skill      XL: |  1  2  3  4  5  6  7  8  9 10 11 12 |
---------------+-------------------------------------+-----
Ranged Weapons | 3 6 7 9 10 12 14 16 | 16.2
Fighting       | 2 4 5 7 8 10 12 | 12.0
Armour         | 1 3 4 5 |  5.5
Dodging        | 3 6 7 8 9 |  9.0
Invocations    | 4 6 |  6.3
Spellcasting   | |  1.0
Hexes          | |  2.0

Action                     |  1- 3 |  4- 6 |  7- 9 | 10-12 || total
---------------------------+-------+-------+-------+-------++-------
   Fire: Sling             |   134 |   250 |    80 |       ||   464
         Orcbow            |       |       |   289 |   520 ||   809
         Arbalest          |       |       |       |    10 ||    10
 Invoke: Heroism           |       |       |       |    16 ||    16
    Use: Scroll            |     3 |     9 |     8 |     7 ||    27
         Potion            |     1 |     4 |     4 |     4 ||    13
 Armour: Robe              |     6 |       |       |       ||     6
         Leather armour    |     7 |    23 |    23 |       ||    53
         Skin              |       |     1 |       |       ||     1
         Ring mail         |       |       |    19 |       ||    19
         Steam dragon scal |       |       |    16 |    64 ||    80
  Dodge: Dodged            |    39 |    60 |   107 |   249 ||   455
  Block: Other             |     5 |    23 |    45 |    72 ||   145
         Reflection        |       |       |     3 |     1 ||     4

Table legend:
 A = Non-vault XP
 B = Vault XP
 C = Vault XP percentage of total XP
 D = Non-vault monster count
 E = Vault monster count
 F = Vault count percentage of total count
                 A         B        C        D         E       F
            +---------+---------+-------+---------+---------+-------
      Total |   22999 |    7632 |  24.9 |     250 |      76 |  23.3
            +---------+---------+-------+---------+---------+-------
        D:1 |      40 |      36 |  47.4 |      22 |       1 |   4.3
        D:2 |      62 |     226 |  78.5 |      16 |       1 |   5.9
        D:3 |     170 |      61 |  26.4 |      14 |       8 |  36.4
        D:4 |     122 |     161 |  56.9 |      17 |       2 |  10.5
        D:5 |     671 |     203 |  23.2 |      27 |       1 |   3.6
        D:6 |     897 |     720 |  44.5 |      18 |       3 |  14.3
        D:7 |    1524 |     434 |  22.2 |      32 |       1 |   3.0
        D:8 |    2704 |     255 |   8.6 |      24 |       1 |   4.0
        D:9 |    2644 |     867 |  24.7 |      12 |       1 |   7.7
       D:10 |    3181 |    2398 |  43.0 |      24 |      13 |  35.1
     Lair:1 |    4284 |    2053 |  32.4 |      21 |       4 |  16.0
     Lair:2 |    6700 |     120 |   1.8 |      23 |       2 |   8.0
      Sewer |       0 |      98 | 100.0 |       0 |      38 | 100.0
            +---------+---------+-------+---------+---------+-------
